 Dungeon Crawl Stone Soup version 0.29.1-1-gd02db6906a (console) character file.

Game seed: 10597146593677129325

4 sentinel the Digger (level 2, 20/20 HPs)
             Began as a Meteoran Earth Elementalist on Oct 6, 2022.
             Quit the game on level 1 of the Dungeon.
             The game lasted 00:00:05 (161 turns).

sentinel the Digger (Meteoran Earth Elementalist)    Turns: 161, Time: 00:00:05

Health: 20/20      AC:  2    Str:  9    XL:     2   Next: 0%
Magic:  6/6        EV: 12    Int: 16    God:
Gold:   0          SH:  0    Dex: 14    Spells: 5/6 levels left

rFire   . . .      SeeInvis .   (no weapon)
rCold   . . .      Faith    .   (no shield)
rNeg    . . .      Spirit   .   a - +0 robe
rPois   .          Reflect  .   (no helmet)
rElec   .          Harm     .   (no cloak)
rCorr   .          Rampage  .   (no gloves)
Will    .....                   (no boots)
Stlth   +.........              (no amulet)
HPRegen 0.06/turn               (no ring)
MPRegen 0.10/turn               (no ring)

@: glowing
A: sense surroundings 1, otherworldly, glowing, explore regen
a: no special abilities


You were on level 1 of the Dungeon.
You visited 1 branch of the dungeon, and saw 1 of its levels.

Inventory:

Armour
 a - a +0 robe (worn)
Jewellery
 c - a ring of flight
Scrolls
 e - a scroll of noise {unknown}
Potions
 b - a potion of magic
 d - a potion of curing {unknown}


   Skills:
 - Level 2.4 Dodging
 - Level 1.4 Stealth
 - Level 2.6 Spellcasting
 - Level 1.2 Transmutations
 + Level 4.1 Earth Magic


You had 5 spell levels left.
You knew the following spells:

 Your Spells              Type           Power      Damage    Failure   Level
a - Sandblast             Erth           30%        2d9       3%          1

Your spell library contained the following spells:

 Spells                   Type           Power      Damage    Failure   Level
 Passwall                 Tmut/Erth      8%         N/A       10%         2
 Stone Arrow              Conj/Erth      16%        3d8       26%         3
 Petrify                  Tmut/Erth      10%        N/A       54%         4


Dungeon Overview and Level Annotations

Branches:
Dungeon (1/15) Zot: 435

Altars:


Innate Abilities, Weirdness & Mutations

You passively map a small area around you.
You are easily found by Zot.
You glow in the dark.
You regain HP and MP as you explore.


Message History

Will you prevail where others failed? Will you find the Orb of Zot?
Press ? for a list of commands and other information.
Found a staircase leading out of the dungeon.
Unknown command.
Unknown command.
Unknown command.
Found 5 gold pieces.
Unknown command.
c - a ring of flight Unknown command.
Found 14 gold pieces.
Unknown command.
d - a sedimented emerald potion Unknown command.
A ball python and a rat come into view.
The ball python hisses angrily.
A hobgoblin comes into view.
Unknown command.
A rat comes into view.
The blast of sand hits the ball python.
You kill the ball python!
The blast of sand hits the hobgoblin!
You kill the hobgoblin!
Unknown command.
You miscast Sandblast.
You are very lightly contaminated with residual magic.
Nothing appears to happen.
The blast of sand hits the rat.
You kill the rat!
Unknown command.
The blast of sand hits the rat!
You kill the rat!
Unknown command.
You are out of magic!
Unknown command.
You are out of magic!
Unknown command.
No target in view!
No target in view!
You are out of magic!
Unknown command.
You are out of magic!
Unknown command.
You are out of magic!
Unknown command.
You are out of magic!
Unknown command.
You start waiting.
Your magical contamination has completely faded away.
Unknown command.
Found a stone staircase leading down.
Unknown command.
A rat comes into view.
Unknown command.
But you're not safe!
Unknown command.
But you're not safe!
Unknown command.
The blast of sand misses the rat.
Unknown command.
The blast of sand hits the rat.
You kill the rat!
Your Earth Magic skill increases to level 4!
Unknown command.
You are out of magic!
Unknown command.
You are out of magic!
Unknown command.
No target in view!
No target in view!
You are out of magic!
Unknown command.
You are out of magic!
Unknown command.
You are out of magic!
Unknown command.
You are out of magic!
Unknown command.
No target in view!
No target in view!
You are out of magic!
Unknown command.
You are out of magic!
Unknown command.
You are out of magic!
Unknown command.
You are out of magic!
Unknown command.
Found 10 gold pieces.
Unknown command.
e - a scroll labelled EBEOSM NORCH Unknown command.
Magic restored.
Found a mace.
Unknown command.
A rat comes into view.
The rat moves out of view.
Unknown command.
Unknown command.
You closely miss the rat. The rat bites you but does no damage.
You hit the rat.
The rat is severely wounded.
The rat barely misses you.
The blast of sand hits the rat.
You kill the rat!
You have reached level 2!
You can't see any susceptible monsters within range! (Use Z to cast anyway.) Unknown command.
You can't see any susceptible monsters within range! (Use Z to cast anyway.) Unknown command.
You can't see any susceptible monsters within range! (Use Z to cast anyway.) Unknown command.
No target in view!
No target in view!
You can't see any susceptible monsters within range! (Use Z to cast anyway.) Unknown command.
You can't see any susceptible monsters within range! (Use Z to cast anyway.) Unknown command.
You can't see any susceptible monsters within range! (Use Z to cast anyway.) Unknown command.
You can't see any susceptible monsters within range! (Use Z to cast anyway.) Unknown command.
No target in view!
No target in view!
You can't see any susceptible monsters within range! (Use Z to cast anyway.) Unknown command.
You can't see any susceptible monsters within range! (Use Z to cast anyway.) Unknown command.
You can't see any susceptible monsters within range! (Use Z to cast anyway.) Unknown command.
You can't see any susceptible monsters within range! (Use Z to cast anyway.) Unknown command.
You see here a rat corpse.
You see here a +0 mace.
Found 14 gold pieces.
Unknown command.
A bat comes into view.
You see here 14 gold pieces.
Unknown command.
But you're not safe!
Unknown command.
But you're not safe!
Unknown command.
But you're not safe!
Unknown command.
Unknown command.
Unknown command.
Unknown command.
Unknown command.
Are you sure you want to abandon this character and quit the game? (Confirm with "yes".)

.........#*
#.######.#* ,...
#.# ,,,, * #.# #.#
* , #.# #.###,, ,
* #b# ....# #.#
#.#.# , ,, #.#
#.#.# , #.# ..#.#
, * #@# ###.#* **
#.# ###.# #.#
....######## #.#
#####......# #.#
#.###.####.# #.#
†..##.####.#####.#
#)###.##.........#
#........#.#######


You could see a bat.

Vanquished Creatures
  A hobgoblin (D:1)
  A ball python (D:1)
  4 rats (D:1)
6 creatures vanquished.

Notes
Turn   | Place    | Note
-------+----------+-------------------------------------------
     0 | D:1      | sentinel the Meteoran Earth Elementalist began the quest
                  | for the Orb.
     0 | D:1      | Reached XP level 1. HP: 14/14 MP: 5/5
    92 | D:1      | Reached skill level 4 in Earth Magic
   125 | D:1      | Reached XP level 2. HP: 20/20 MP: 4/6
   161 | D:1      | Quit the game

Illustrated notes

Levels and vault maps discovered:
D:1:      elethiomel_arrival_maze, layout_loops_cross,
          shapermc_ecumenical_altar_venn, st_stairs_5

Skill      XL: |  1 |
---------------+----+-----
Earth Magic    | 4 |  4.1
Dodging        | |  2.4
Stealth        | |  1.4
Spellcasting   | |  2.6
Transmutations | |  1.2

Action                   || total
-------------------------++-------
Melee: Unarmed           ||     2
 Cast: Sandblast         ||     7
Armor: Robe              ||     1
Dodge: Dodged            ||     1
